[Event "HUN KO-ch Men 2019"]
[Site "Budapest"]
[Date "2019.12.11"]
[Round "1.2"]
[White "Erdos, Viktor"]
[Black "Kaczur, Florian"]
[Result "1-0"]
[ECO "D55"]
[WhiteElo "2609"]
[BlackElo "2478"]
[Annotator "ChessBase"]
[PlyCount "63"]
[EventDate "2019.12.10"]
[EventType "k.o."]
[EventCountry "HUN"]
[SourceTitle "playchess.com"]
[Source "ChessBase"]
[SourceQuality "1"]
[TimeControl "40/5400+30:1800+30"]

1. Nf3 d5 2. d4 Nf6 3. c4 e6 4. Nc3 Be7 5. Bg5 h6 6. Bxf6 Bxf6 7. e3 O-O 8. Rc1 c6 9. Bd3 Nd7 10. O-O dxc4 11. Bxc4 e5 12. d5 Nb6 13. b3 e4 14. Nxe4 cxd5 15. Nxf6+ Qxf6 16. Be2 Be6 17. Qd2 Rfc8 18. Nd4 Rxc1 19. Rxc1 Rc8 20. Rd1 Nd7 21. Qa5 a6 22. Qb4 Nc5 23. Bf3 Qe7 24. Rc1 Qc7 25. Nxe6 fxe6 26. Qd4 a5 27. a3 Nxb3 28. Rxc7 Rxc7 29. Qg4 Rc1+ 30. Bd1 Nc5 31. g3 Kf7 32. e4 1-0

[Event "HUN KO-ch Men 2019"]
[Site "Budapest"]
[Date "2019.12.11"]
[Round "1.2"]
[White "Acs, Peter"]
[Black "Mihok, Oliver"]
[Result "1-0"]
[ECO "B47"]
[WhiteElo "2580"]
[BlackElo "2567"]
[Annotator "ChessBase"]
[PlyCount "71"]
[EventDate "2019.12.10"]
[EventType "k.o."]
[EventCountry "HUN"]
[SourceTitle "playchess.com"]
[Source "ChessBase"]
[SourceQuality "1"]
[TimeControl "40/5400+30:1800+30"]

1. e4 c5 2. Nf3 e6 3. d4 cxd4 4. Nxd4 Nc6 5. Nc3 Qc7 6. g3 a6 7. Bg2 Nf6 8. O-O d6 9. Nxc6 bxc6 10. Na4 Bb7 11. c4 c5 12. Nc3 Be7 13. f4 O-O 14. g4 Nd7 15. g5 Rfe8 16. b3 Rad8 17. Qg4 Bf8 18. Bb2 g6 19. f5 Ne5 20. Qg3 Bc6 21. Rf2 Qb7 22. Raf1 a5 23. h4 Bg7 24. f6 Bf8 25. h5 a4 26. Nxa4 Bxe4 27. Bxe5 dxe5 28. hxg6 hxg6 29. Nc3 Bxg2 30. Rxg2 Rd4 31. Rh2 Red8 32. Qh3 Bh6 33. Ne2 Qe4 34. Qxh6 Qe3+ 35. Rhf2 Rg4+ 36. Kh2 1-0

[Event "HUN KO-ch Men 2019"]
[Site "Budapest"]
[Date "2019.12.11"]
[Round "1.2"]
[White "Balog, Imre"]
[Black "Antal, Gergely"]
[Result "1-0"]
[ECO "A05"]
[WhiteElo "2558"]
[BlackElo "2563"]
[Annotator "ChessBase"]
[PlyCount "57"]
[EventDate "2019.12.10"]
[EventType "k.o."]
[EventCountry "HUN"]
[SourceTitle "playchess.com"]
[Source "ChessBase"]
[SourceQuality "1"]
[TimeControl "40/5400+30:1800+30"]

1. Nf3 Nf6 2. b3 g6 3. Bb2 Bg7 4. c4 O-O 5. Nc3 c5 6. g3 d6 7. Bg2 e5 8. O-O Nc6 9. e3 Ne8 10. Ne1 Nc7 11. f4 exf4 12. Rxf4 Be6 13. Nd3 Ne5 14. Qf1 Rb8 15. Ne4 f5 16. Nexc5 dxc5 17. Nxe5 Qxd2 18. Rf2 Qa5 19. Rd1 Ne8 20. e4 Qc7 21. exf5 Rxf5 22. Rxf5 gxf5 23. Qe2 Nf6 24. Nc6 Re8 25. Rd8 Qf7 26. Rxe8+ Nxe8 27. Nd8 Qe7 28. Nxe6 Bxb2 29. Qxb2 1-0

[Event "HUN KO-ch Men 2019"]
[Site "Budapest"]
[Date "2019.12.11"]
[Round "1.2"]
[White "Aczel, Gergely"]
[Black "Banusz, Tamas"]
[Result "0-1"]
[ECO "D20"]
[WhiteElo "2523"]
[BlackElo "2621"]
[Annotator "ChessBase"]
[PlyCount "126"]
[EventDate "2019.12.10"]
[EventType "k.o."]
[EventCountry "HUN"]
[SourceTitle "playchess.com"]
[Source "ChessBase"]
[SourceQuality "1"]
[TimeControl "40/5400+30:1800+30"]

1. d4 d5 2. c4 dxc4 3. e3 e5 4. Bxc4 exd4 5. exd4 Bd6 6. Nf3 Nf6 7. Qe2+ Qe7 8. Qxe7+ Bxe7 9. O-O Nbd7 10. Nc3 Nb6 11. Bb3 c6 12. Re1 Nfd5 13. Bd2 Be6 14. Bg5 Bb4 15. a3 Bxc3 16. bxc3 h6 17. Bd2 Nc7 18. Bf4 Ncd5 19. Bd2 Nc7 20. c4 O-O 21. Rac1 Rfd8 22. h3 Rac8 23. a4 Ne8 24. a5 Nd7 25. Be3 Ndf6 26. Ne5 Nd6 27. Ba4 Nd7 28. d5 Nxe5 29. dxe6 fxe6 30. c5 Nb5 31. Bb3 Nc7 32. Bf4 Nd3 33. Bxc7 Rxc7 34. Rxe6 Nxc1 35. Re8+ Kh7 36. Bg8+ Kg6 37. Rxd8 Ne2+ 38. Kh2 Kf6 39. Bc4 Nc3 40. Rd6+ Ke5 41. a6 bxa6 42. g3 Nd5 43. Bxd5 cxd5 44. Rxa6 Kd4 45. c6 Kc5 46. Kg2 Kb5 47. Ra1 a5 48. Kf3 Rxc6 49. Kf4 Rc2 50. Rb1+ Kc4 51. Ra1 Rxf2+ 52. Ke3 Rf5 53. Rc1+ Kb3 54. g4 Rf7 55. Rb1+ Kc3 56. Rc1+ Kb2 57. Rc5 a4 58. Rb5+ Kc3 59. Rc5+ Kb3 60. Rxd5 a3 61. Ra5 a2 62. Kd2 Rf4 63. Kd3 Ra4 {[%emt 0:00:26] Kd4} 0-1

[Event "HUN KO-ch Men 2019"]
[Site "Budapest"]
[Date "2019.12.11"]
[Round "1.2"]
[White "Horvath, Csaba"]
[Black "Berkes, Ferenc"]
[Result "1/2-1/2"]
[ECO "D10"]
[WhiteElo "2513"]
[BlackElo "2656"]
[Annotator "ChessBase"]
[PlyCount "28"]
[EventDate "2019.12.10"]
[EventType "k.o."]
[EventCountry "HUN"]
[SourceTitle "playchess.com"]
[Source "ChessBase"]
[SourceQuality "1"]
[TimeControl "40/5400+30:1800+30"]

1. d4 d5 2. c4 c6 3. Nc3 Nf6 4. e3 a6 5. b3 Bf5 6. Bd3 Bxd3 7. Qxd3 e6 8. Nf3 Nbd7 9. O-O Bb4 10. Bb2 O-O 11. Rfd1 Qe7 12. a3 Ba5 13. Nd2 Rad8 14. e4 dxe4 1/2-1/2

[Event "HUN KO-ch Men 2019"]
[Site "Budapest"]
[Date "2019.12.11"]
[Round "1.2"]
[White "Nemeth, Miklos"]
[Black "Hera, Imre Jr."]
[Result "1/2-1/2"]
[ECO "C50"]
[WhiteElo "2496"]
[BlackElo "2619"]
[Annotator "ChessBase"]
[PlyCount "32"]
[EventDate "2019.12.10"]
[EventType "k.o."]
[EventCountry "HUN"]
[SourceTitle "playchess.com"]
[Source "ChessBase"]
[SourceQuality "1"]
[TimeControl "40/5400+30:1800+30"]

1. e4 e5 2. Nf3 Nc6 3. Bc4 Bc5 4. O-O Nf6 5. d3 O-O 6. Nbd2 d6 7. c3 a6 8. Bb3 Ba7 9. h3 Nh5 10. Nc4 Qf6 11. Ne3 Nf4 12. Nd5 Nxd5 13. Bxd5 h6 14. Be3 Ne7 15. Bb3 Ng6 16. Kh2 c6 1/2-1/2

[Event "HUN KO-ch Men 2019"]
[Site "Budapest"]
[Date "2019.12.11"]
[Round "1.2"]
[White "Sipos, Istvan"]
[Black "Papp, Gabor"]
[Result "0-1"]
[ECO "D41"]
[WhiteElo "2473"]
[BlackElo "2582"]
[Annotator "ChessBase"]
[PlyCount "57"]
[EventDate "2019.12.10"]
[EventType "k.o."]
[EventCountry "HUN"]
[SourceTitle "playchess.com"]
[Source "ChessBase"]
[SourceQuality "1"]
[TimeControl "40/5400+30:1800+30"]

1. d4 Nf6 2. c4 e6 3. Nc3 d5 4. Nf3 c5 5. cxd5 Nxd5 6. e3 cxd4 7. exd4 Nxc3 8. bxc3 Qc7 9. Bd2 Nd7 10. Bd3 b6 11. Ng5 Bb7 12. Qg4 Nf6 13. Bb5+ Bc6 14. Qe2 Bd6 15. O-O Bxh2+ 16. Kh1 Bd6 17. d5 Nxd5 18. Rae1 O-O 19. Qe4 g6 20. Qh4 Nf6 21. Bxc6 Qxc6 22. c4 Rac8 23. Bc3 e5 24. f4 Qxc4 25. Ba1 h5 26. Qh3 Ng4 27. Ne4 Bb4 28. fxe5 Bxe1 29. Rxe1 0-1

[Event "HUN KO-ch Men 2019"]
[Site "Budapest"]
[Date "2019.12.11"]
[Round "1.3"]
[White "Berkes, Ferenc"]
[Black "Horvath, Csaba"]
[Result "1/2-1/2"]
[ECO "E12"]
[WhiteElo "2656"]
[BlackElo "2513"]
[Annotator "ChessBase"]
[PlyCount "112"]
[EventDate "2019.12.10"]
[EventType "k.o."]
[EventCountry "HUN"]
[SourceTitle "playchess.com"]
[Source "ChessBase"]
[SourceQuality "1"]
[TimeControl "900+5"]

1. d4 Nf6 2. Nf3 b6 3. c4 e6 4. a3 Bb7 5. Bf4 d6 6. Nc3 Nbd7 7. Qc2 g6 8. e4 Bg7 9. Rd1 O-O 10. Be2 Qe7 11. Bg5 h6 12. Bc1 c5 13. d5 exd5 14. exd5 a6 15. O-O Rae8 16. Rfe1 Ne5 17. Nxe5 Qxe5 18. Bd2 Qe7 19. h3 Qc7 20. Bf4 Nd7 21. Bf1 Bc8 22. Bg3 Ne5 23. Qd2 Kh7 24. f4 Nd7 25. Bd3 Bd4+ 26. Bf2 Bg7 27. Kh1 f5 28. Kh2 Nf6 29. Bh4 Nh5 30. Kh1 Bd4 31. Bf2 Qg7 32. g3 Bd7 33. Kh2 Rxe1 34. Rxe1 Re8 35. Rxe8 Bxe8 36. Qe1 Bxf2 37. Qxf2 Bd7 38. Qe3 Nf6 39. Bc2 Ng8 40. Kg2 Qe7 41. Kf2 Kg7 42. Ba4 Qxe3+ 43. Kxe3 Nf6 44. b4 Bxa4 45. Nxa4 Nd7 46. Nc3 Kf6 47. b5 a5 48. g4 h5 49. Kf3 hxg4+ 50. hxg4 g5 51. gxf5 Kxf5 52. Ne4 gxf4 53. Nxd6+ Ke5 54. Nf7+ Kf6 55. Nd6 Ke5 56. Nf7+ Kf6 1/2-1/2

[Event "HUN KO-ch Men 2019"]
[Site "Budapest"]
[Date "2019.12.11"]
[Round "1.3"]
[White "Nemeth, Miklos"]
[Black "Hera, Imre Jr."]
[Result "1/2-1/2"]
[ECO "C50"]
[WhiteElo "2496"]
[BlackElo "2619"]
[Annotator "ChessBase"]
[PlyCount "110"]
[EventDate "2019.12.10"]
[EventType "k.o."]
[EventCountry "HUN"]
[SourceTitle "playchess.com"]
[Source "ChessBase"]
[SourceQuality "1"]
[TimeControl "900+5"]

1. e4 e5 2. Nf3 Nc6 3. Bc4 Bc5 4. a3 d6 5. b4 Bb6 6. d3 Nf6 7. Be3 O-O 8. O-O Bg4 9. h3 Bh5 10. Nbd2 Nd4 11. c3 Nxf3+ 12. Nxf3 c6 13. Bxb6 axb6 14. Qe2 Re8 15. Bb3 d5 16. Qe3 h6 17. Nh4 b5 18. Qg3 Kh8 19. Rfe1 dxe4 20. dxe4 Qd2 21. Nf5 Qg5 22. Qxg5 hxg5 23. g4 Bg6 24. Nd6 Re7 25. f3 Kg8 26. Red1 Kf8 27. Kf2 Rd7 28. c4 Ke7 29. c5 Ne8 30. Nxe8 Kxe8 31. Rxd7 Kxd7 32. a4 bxa4 33. Rxa4 Rd8 34. Ra1 Kc7 35. Rd1 Ra8 36. Ke2 Rh8 37. Rh1 f6 38. Bc4 Be8 39. Ke3 Bd7 40. Bf7 Kd8 41. Rh2 Ke7 42. Bc4 g6 43. Bf1 Ra8 44. Rb2 Ra3+ 45. Kf2 Be6 46. Be2 f5 47. Kg2 fxe4 48. fxe4 Re3 49. Bf3 Bc4 50. Kf2 Ra3 51. Bg2 Rc3 52. Ke1 Re3+ 53. Kf2 Rc3 54. Ke1 Re3+ 55. Kf2 Rc3 1/2-1/2

[Event "HUN KO-ch Men 2019"]
[Site "Budapest"]
[Date "2019.12.10"]
[Round "1.6"]
[White "Papp, Gabor"]
[Black "Sipos, Istvan"]
[Result "1-0"]
[ECO "C67"]
[WhiteElo "2582"]
[BlackElo "2473"]
[Annotator "RC"]
[PlyCount "195"]
[EventDate "2019.12.10"]
[EventType "k.o."]
[EventCountry "HUN"]
[SourceTitle "playchess.com"]
[Source "ChessBase"]
[SourceQuality "1"]
[TimeControl "40/5400+30:1800+30"]

1. e4 e5 2. Nf3 Nc6 3. Bb5 Nf6 4. O-O Nxe4 5. Re1 Nd6 6. Nxe5 Be7 7. Bf1 Nxe5 8. Rxe5 O-O 9. d4 Bf6 10. Re1 b6 11. Bf4 Nf5 12. c3 d5 13. Nd2 Nh4 14. h3 c6 15. Be5 Bxe5 16. Rxe5 Qf6 17. g3 Ng6 18. Re3 Bd7 19. a4 Rae8 20. Rxe8 Rxe8 21. a5 b5 22. Nb3 Qg5 23. Qd2 h6 24. Re1 Re7 25. Rxe7 Qxd2 26. Re8+ Bxe8 27. Nxd2 Ne7 28. h4 Bd7 29. f3 g5 30. Kf2 gxh4 31. gxh4 Kg7 32. Nb3 Bf5 33. Nc5 Kf6 34. Na6 Bc8 35. Nb4 h5 36. Nd3 Ng6 37. Kg3 Bf5 38. Nb4 Ne7 39. Kf2 Bd7 40. Bd3 Ke6 41. Kg3 Kd6 42. Kf4 f6 43. Nc2 Be8 44. Ne3 Bg6 45. Bf1 Bb1 46. Bh3 Ng6+ 47. Kg3 Ne7 48. f4 c5 49. dxc5+ Kxc5 50. b4+ Kd6 51. Bf1 a6 52. Be2 Bg6 53. f5 Bf7 54. Kf4 Nc6 55. Nc2 Be8 56. Bf3 Bf7 57. Bd1 Be8 58. Be2 Bf7 59. Bf3 Be8 60. Bh1 Bf7 61. Bg2 Be8 62. Ne3 Bf7 63. Bf3 Ne5 64. Be2 Nc6 65. Nc2 Be8 66. Bd3 Bf7 67. Bf1 Be8 68. Bh3 Bf7 69. Ke3 Ke5 70. Ne1 d4+ 71. cxd4+ Nxd4 72. Nd3+ Kd5 73. Bg2+ Kc4 74. Nb2+ Kc3 75. Nd1+ Kc4 76. Nb2+ Kc3 77. Nd1+ Kc4 78. Bf1+ Kd5 79. Kf4 Nc2 80. Ne3+ Nxe3 81. Kxe3 Be8 82. Bd3 Bd7 83. Be2 Bxf5 84. Bxh5 Kc4 85. Kf4 Bh7 86. Bf7+ Kxb4 87. h5 Kc3 88. Bg6 Bg8 89. Kf5 b4 90. Kxf6 b3 91. Kg7 Bc4 92. h6 Bd3 93. Bxd3 Kxd3 94. h7 Kc2 95. h8=Q b2 96. Qc8+ Kd2 97. Qb7 Kc1 98. Qxa6 1-0

[Event "HUN KO-ch Men 2019"]
[Site "Budapest"]
[Date "2019.12.10"]
[Round "1.7"]
[White "Mihok, Oliver"]
[Black "Acs, Peter"]
[Result "1/2-1/2"]
[ECO "C95"]
[WhiteElo "2567"]
[BlackElo "2580"]
[Annotator "ChessBase"]
[PlyCount "119"]
[EventDate "2019.12.10"]
[EventType "k.o."]
[EventCountry "HUN"]
[SourceTitle "playchess.com"]
[Source "ChessBase"]
[SourceQuality "1"]
[TimeControl "40/5400+30:1800+30"]

1. e4 e5 2. Nf3 Nc6 3. Bb5 a6 4. Ba4 Nf6 5. O-O Be7 6. Re1 b5 7. Bb3 d6 8. c3 O-O 9. h3 Nb8 10. d4 Nbd7 11. Nbd2 Bb7 12. Bc2 Re8 13. a4 Bf8 14. Bd3 c6 15. b3 g6 16. Bb2 Bg7 17. Qc2 Qb8 18. Rab1 Nh5 19. Bf1 Nf4 20. b4 exd4 21. cxd4 d5 22. a5 dxe4 23. Nxe4 Nd5 24. Qb3 N7f6 25. Nc5 Rxe1 26. Rxe1 Qc7 27. Ne5 Rd8 28. g3 Bc8 29. Bg2 Qd6 30. Rc1 Bh6 31. Rc2 Bf5 32. Re2 Bc8 33. Kh2 Rf8 34. Ba3 Ne7 35. Qf3 Nfd5 36. Ne4 Qc7 37. Nc5 Bg7 38. Qb3 h5 39. h4 Nf6 40. Bc1 Nf5 41. Nxc6 Ng4+ 42. Kg1 Nxd4 43. Nxd4 Bxd4 44. Bf4 Qd8 45. Bd5 Nf6 46. Bc6 Ng4 47. Kg2 Qf6 48. Bd5 Nxf2 49. Rxf2 Qf5 50. Qf3 Rd8 51. Be4 Qh3+ 52. Kg1 Bxf2+ 53. Kxf2 Qh2+ 54. Qg2 Qxg2+ 55. Bxg2 Rd4 56. Ne4 Rxb4 57. Nf6+ Kg7 58. Ne8+ Kg8 59. Nf6+ Kg7 60. Ne8+ 1/2-1/2

[Event "HUN KO-ch Men 2019"]
[Site "Budapest"]
[Date "2019.12.10"]
[Round "1.8"]
[White "Antal, Gergely"]
[Black "Balog, Imre"]
[Result "1/2-1/2"]
[ECO "C10"]
[WhiteElo "2563"]
[BlackElo "2558"]
[Annotator "ChessBase"]
[PlyCount "130"]
[EventDate "2019.12.10"]
[EventType "k.o."]
[EventCountry "HUN"]
[SourceTitle "playchess.com"]
[Source "ChessBase"]
[SourceQuality "1"]
[TimeControl "40/5400+30:1800+30"]

1. e4 e6 2. d4 d5 3. Nd2 dxe4 4. Nxe4 Nd7 5. c3 Ngf6 6. Bd3 c5 7. Nf3 Nxe4 8. Bxe4 Nf6 9. Bc2 cxd4 10. Nxd4 Bc5 11. O-O Bxd4 12. cxd4 Bd7 13. a4 Bc6 14. Ra3 O-O 15. Bg5 h6 16. Bxh6 gxh6 17. Qd2 Ng4 18. h3 Qg5 19. f4 Qh4 20. hxg4 Rfd8 21. g5 hxg5 22. Rh3 Qg4 23. Bd1 Qf5 24. fxg5 Qe4 25. Bh5 Qxd4+ 26. Qxd4 Rxd4 27. Bxf7+ Kg7 28. Bxe6 Rd2 29. Rf7+ Kg6 30. Rf6+ Kg7 31. g4 Rad8 32. Bb3 Rg2+ 33. Kf1 Rxg4 34. Rf7+ Kg6 35. Rhh7 Kxg5 36. Rhg7+ Kh4 37. Rxg4+ Kxg4 38. Ke1 Bf3 39. Be6+ Kg3 40. Bd7 Bd5 41. Re7 Kf3 42. Bb5 Be4 43. Rc7 a6 44. Be2+ Kf4 45. Rc1 Rd6 46. b4 Rh6 47. Kd2 Rh2 48. Rc8 Bc6 49. Rc7 Ke5 50. Ke3 Rh3+ 51. Kd2 Bd5 52. Rc3 Rh2 53. Re3+ Kf4 54. Rc3 Bc6 55. Ra3 Ke5 56. Ke1 Be4 57. Rc3 Rh1+ 58. Kd2 Ra1 59. a5 Ra2+ 60. Ke3 Bg2 61. Rc5+ Kd6 62. Rg5 Bd5 63. Rg6+ Kc7 64. Rg7+ Kb8 65. Kd4 Rxe2 1/2-1/2

[Event "HUN KO-ch Men 2019"]
[Site "Budapest"]
[Date "2019.12.13"]
[Round "2.2"]
[White "Almasi, Zoltan"]
[Black "Balog, Imre"]
[Result "1/2-1/2"]
[ECO "A05"]
[WhiteElo "2691"]
[BlackElo "2558"]
[Annotator "ChessBase"]
[PlyCount "76"]
[EventDate "2019.12.10"]
[EventType "k.o."]
[EventCountry "HUN"]
[SourceTitle "playchess.com"]
[Source "ChessBase"]
[SourceQuality "1"]
[TimeControl "40/5400+30:1800+30"]

1. Nf3 Nf6 2. c4 c6 3. g3 b5 4. b3 g6 5. Bb2 Bg7 6. cxb5 Qb6 7. Nc3 cxb5 8. Nd5 Qd6 9. e4 Nc6 10. Bxb5 O-O 11. Nxf6+ Bxf6 12. Bxf6 Qxf6 13. d4 Rb8 14. Be2 Rb4 15. e5 Qf5 16. a3 Rb6 17. O-O d6 18. exd6 exd6 19. d5 Ne7 20. Nd4 Qf6 21. Bf3 Bb7 22. Rc1 Nxd5 23. b4 Re8 24. b5 a6 25. a4 axb5 26. Nxb5 Re5 27. Bg2 Rc6 28. Qd2 Qe7 29. Nd4 Rc5 30. h4 Nb6 31. Nc6 Bxc6 32. Bxc6 d5 33. Bb5 Nc4 34. Qb4 Rc7 35. Qxe7 Rexe7 36. Rfd1 Rc5 37. Rd4 Rec7 38. Rcd1 Nb2 1/2-1/2

[Event "HUN KO-ch Men 2019"]
[Site "Budapest"]
[Date "2019.12.13"]
[Round "2.2"]
[White "Acs, Peter"]
[Black "Horvath, Csaba"]
[Result "1-0"]
[ECO "B01"]
[WhiteElo "2580"]
[BlackElo "2513"]
[Annotator "ChessBase"]
[PlyCount "65"]
[EventDate "2019.12.10"]
[EventType "k.o."]
[EventCountry "HUN"]
[SourceTitle "playchess.com"]
[Source "ChessBase"]
[SourceQuality "1"]
[TimeControl "40/5400+30:1800+30"]

1. e4 d5 2. exd5 Qxd5 3. Nc3 Qd6 4. d4 Nf6 5. Nf3 c6 6. g3 Bf5 7. Bg2 h6 8. O-O e6 9. Ne5 Nbd7 10. Nc4 Qb4 11. Qe2 Nb6 12. Ne3 Bh7 13. Rd1 Be7 14. a4 O-O 15. a5 Nbd5 16. Ncxd5 cxd5 17. c4 dxc4 18. a6 Bd3 19. Qd2 Qb6 20. axb7 Rad8 21. Qa5 Qxd4 22. Bd2 Qxb2 23. Bc3 Qb3 24. Rd2 Qb6 25. Nxc4 Bxc4 26. Qxb6 axb6 27. Rxd8 Rxd8 28. Bxf6 gxf6 29. Ra8 Rxa8 30. bxa8=Q+ Kg7 31. Qb7 Bc5 32. Bf3 f5 33. Qc8 1-0

[Event "HUN KO-ch Men 2019"]
[Site "Budapest"]
[Date "2019.12.16"]
[Round "3.1"]
[White "Banusz, Tamas"]
[Black "Acs, Peter"]
[Result "1-0"]
[ECO "A06"]
[WhiteElo "2621"]
[BlackElo "2580"]
[Annotator "ChessBase"]
[PlyCount "125"]
[EventDate "2019.12.10"]
[EventType "k.o."]
[EventRounds "4"]
[EventCountry "HUN"]
[SourceTitle "playchess.com"]
[Source "ChessBase"]
[SourceQuality "1"]
[TimeControl "40/5400+30:1800+30"]

1. Nf3 d5 2. g3 c6 3. c4 dxc4 4. Bg2 Nd7 5. O-O Nb6 6. Na3 Be6 7. Qc2 Nf6 8. Ne5 Qd4 9. Nxc6 bxc6 10. Bxc6+ Nfd7 11. Bxa8 Nxa8 12. d3 Bh3 13. dxc4 Bxf1 14. Be3 Qe5 15. Rxf1 e6 16. c5 Be7 17. Rd1 Bxc5 18. Bxc5 Qxc5 19. Qxc5 Nxc5 20. Rc1 Kd7 21. Rxc5 Nc7 22. Nc4 f6 23. Kf1 Rb8 24. Ke1 Nb5 25. b3 a6 26. Kd2 g5 27. e3 Rg8 28. b4 Rb8 29. a3 h5 30. Kd3 Nc7 31. Nd2 f5 32. Nf3 g4 33. Ne5+ Kd6 34. Nc4+ Kd7 35. e4 fxe4+ 36. Kxe4 Rf8 37. Ne5+ Kd8 38. Nd3 h4 39. gxh4 Rf3 40. Rg5 Rh3 41. Rxg4 Nd5 42. Kd4 Nf6 43. Rg3 Rxh4+ 44. Ke5 Ne8 45. Kxe6 Rxh2 46. Kd5 Rh5+ 47. Ne5 Rf5 48. Rf3 Rh5 49. Rf7 Nc7+ 50. Kc6 Rh6+ 51. Kb7 Nb5 52. Nc6+ Ke8 53. Re7+ Kf8 54. Re3 Rf6 55. a4 Nd6+ 56. Kxa6 Rxf2 57. b5 Rc2 58. Rd3 Ne4 59. Rd4 Nc5+ 60. Kb6 Ke8 61. a5 Nd7+ 62. Kc7 Nc5 63. Rd5 1-0